 Dungeon Crawl Stone Soup version 0.19-a0-47-g1fa3c7d (webtiles) character file.

543 Eucla the Poker (level 7, -16/57 HPs)
             Began as a Formicid Abyssal Knight on May 5, 2016.
             Was a Believer of Lugonu.
             Demolished by an ogre
             ... wielding a +0 giant club
              (23 damage)
             ... on level 4 of the Dungeon.
             The game lasted 00:05:08 (2910 turns).

Eucla the Poker (Formicid Abyssal Knight)           Turns: 2910, Time: 00:05:09

Health: -16/57     AC:  5    Str: 17    XL:     7   Next: 52%
Magic:  0/8        EV: 10    Int: 11    God:    Lugonu [**....]
Gold:   170        SH:  0    Dex: 12    Spells: 0 memorised, 6 levels left

rFire  . . .     SeeInvis +     u - +0 halberd
rCold  . . .     Gourm    .     h - +0 ring mail
rNeg   . . .     Faith    .     (no shield)
rPois  .         Spirit   +     (helmet unavailable)
rElec  .         Dismiss  .     (no cloak)
rCorr  .         Reflect  .     (no gloves)
SustAt .         Harm     .     (no boots)
MR     .....                    e - amulet of guardian spirit
Stlth  +.........               (no ring)
                                (no ring)

@: not resistant to hostile enchantments, very unstealthy
A: permanent stasis, dig shafts and tunnels, four strong arms, antennae 3
a: Dig, Shaft Self, Depart the Abyss, Bend Space, Renounce Religion


You were on level 4 of the Dungeon.
You worshipped Lugonu.
Lugonu was pleased with you.
You were not hungry.

You visited 1 branch of the dungeon, and saw 4 of its levels.
You visited the Abyss 1 time.

You collected 170 gold pieces.

Inventory:

Hand Weapons
 a - a +1 spear
 u - a +0 halberd (weapon)
Missiles
 s - 3 throwing nets (quivered)
Armour
 b - a +0 leather armour
 h - a +0 ring mail (worn)
Jewellery
 e - an amulet of guardian spirit (around neck)
Scrolls
 d - 2 scrolls of remove curse {unknown}
 f - a scroll of fog {unknown}
 g - a scroll of teleportation {unknown}
 i - a scroll of enchant armour {unknown}
 k - a scroll of fear {unknown}
 l - 3 scrolls of identify {unknown}
 n - a scroll of noise {unknown}
 t - a scroll of random uselessness {unknown}
Potions
 j - a potion of cancellation
 m - a potion of might {unknown}
 o - a potion of beneficial mutation {unknown}
 p - a potion of invisibility {unknown}
 q - a potion of brilliance
 r - a potion of curing {unknown}
 v - a potion of haste {unknown}
Comestibles
 c - 2 bread rations


   Skills:
 + Level 5.8 Fighting
 * Level 6.3 Polearms
 - Level 2.1 Armour
 - Level 0.8 Dodging
 + Level 2.1 Invocations


You had 6 spell levels left.
You didn't know any spells.

Dungeon Overview and Level Annotations

Branches:
Dungeon (4/15)
 Temple: D:4-7

Altars:
Fedhas
The Shining One


Innate Abilities, Weirdness & Mutations

You are under a permanent stasis effect.
You can dig through walls and to a lower floor.
Your four strong arms can wield two-handed weapons with a shield.
You have a pair of large antennae on your head (SInv).


Message History

The ogre is moderately wounded.
The ogre barely misses you.
You hit the ogre.
The ogre is heavily wounded.
The ogre hits you with a giant club!!
* * * LOW HITPOINT WARNING * * *
Unknown command.
You are too injured to fight recklessly!
You are too injured to fight recklessly!
Unknown command.
You are too injured to fight recklessly!
Unknown command.
You are too injured to fight recklessly!
Unknown command.
You are too injured to fight recklessly!
Unknown command.
Drink which item? (? for menu, Esc to quit)
It was a potion of cancellation.
You feel magically purged. The ogre hits you with a giant club!!
You die...

.....# ##.....# .....#
......# ..<..# ..........#
.....#........#....#
.....#....#...#....#
.....#...)#...+....#
.....#....#...#....#
.....#....#...#..O.#
.....#....#...##@##.......
.....#....#.......#.......
.....'....#...##..#.......
.....#....#...##..#.......
.....#....#...##..#.......
.....#..^.#...##..#..$....
.....#....'.......##+#####
.....#....#...##....
.....#....#...##..##


You could see an ogre.

Vanquished Creatures
  Grinder (D:3)
  2 phantoms (D:4)
  The ghost of cbox the Chopper, a weakling DDFi of Ru (D:4)
  3 gnolls (D:3)
  A howler monkey skeleton (D:3)
  4 adders
  3 worms
  2 dart slugs (D:2)
  A giant gecko (D:1)
  2 orcs (D:3)
  2 giant cockroaches
  6 goblins
  10 hobgoblins
  2 jackals (D:1)
  A quokka (D:2)
  6 bats
  3 giant newts
  7 kobolds
  6 rats
63 creatures vanquished.

Notes
Turn   | Place    | Note
--------------------------------------------------------------
     0 | Abyss:1  | Eucla the Formicid Abyssal Knight began the quest for the Orb.
     0 | Abyss:1  | Reached XP level 1. HP: 18/18 MP: 2/2
     0 | Abyss:1  | Found a corrupted altar of Lugonu.
    62 | D:1      | Escaped the Abyss
   175 | D:1      | Reached XP level 2. HP: 24/24 MP: 3/3
   669 | D:1      | Reached XP level 3. HP: 27/30 MP: 4/4
   847 | D:2      | Found a blossoming altar of Fedhas.
   872 | D:2      | Reached skill level 3 in Polearms
   948 | D:2      | Reached ** piety under Lugonu
  1078 | D:2      | Reached XP level 4. HP: 20/37 MP: 3/5
  1619 | D:2      | Found a glowing golden altar of the Shining One.
  1733 | D:3      | Noticed Grinder
  1796 | D:3      | Killed Grinder
  1796 | D:3      | Reached skill level 5 in Fighting
  1796 | D:3      | Reached skill level 5 in Polearms
  1796 | D:3      | Reached XP level 5. HP: 44/44 MP: 6/6
  1796 | D:3      | Reached XP level 6. HP: 51/51 MP: 7/7
  2534 | D:4      | Noticed cbox's ghost (weakling DDFi)
  2546 | D:4      | Killed cbox's ghost
  2546 | D:4      | Reached XP level 7. HP: 55/56 MP: 4/8
  2624 | D:4      | Reached skill level 6 in Polearms
  2910 | D:4      | Demolished by an ogre

Vault maps used:
D:1:      saegor_arrival_under_anarchy
D:2:      overflow_temple_1_default, lemuel_coloured_pillars_altar
D:3:      uniq_grinder
D:4:      nicolae_dithmenos_through_a_glass_darkly

Skill      XL: |  1  2  3  4  5  6  7 |
---------------+----------------------+-----
Polearms       | 3 5 6 |  6.3
Fighting       | 4 5 |  5.8
Armour         | |  2.1
Dodging        | |  0.8
Invocations    | |  2.1

Action                   |  1- 3 |  4- 6 |  7- 9 || total
-------------------------+-------+-------+-------++-------
Melee: Spear             |   148 |   138 |       ||   286
       Halberd           |       |     8 |    31 ||    39
  Use: Potion            |       |     4 |     1 ||     5
 Stab: Sleeping          |     1 |       |       ||     1
  Eat: Chunk             |     1 |     3 |       ||     4
       Fruit             |       |     4 |       ||     4
Armor: Leather armour    |    10 |       |       ||    10
       Ring mail         |    30 |    28 |       ||    58
       Skin              |       |    21 |     2 ||    23
Dodge: Dodged            |    70 |    37 |     6 ||   113
